 Dungeon Crawl Stone Soup version 0.30-a0-1161-g0704695555 (webtiles) character file.

Game seed: 13211234719784676582

221 Arzdou the Conjurer (level 5, -3/28 HPs)
             Began as a Deep Elf Conjurer on Apr 27, 2023.
             Slain by a sleepcap (7 damage)
             ... on level 4 of the Dungeon.
             The game lasted 00:05:38 (3269 turns).

Arzdou the Conjurer (Deep Elf Conjurer)             Turns: 3269, Time: 00:05:38

Health: -3/28      AC:  3    Str:  4    XL:     5   Next: 65%
Magic:  14/14      EV: 12    Int: 25    God:
Gold:   254        SH:  0    Dex: 13    Spells: 8/14 levels left

rFire   . . .        k - +3 dagger
rCold   . . .        (no shield)
rNeg    . . .        a - +0 robe
rPois   .            i - +0 hat
rElec   .            (no cloak)
rCorr   .            (no gloves)
SInv    .            l - +0 pair of boots
Will    .....        (no amulet)
Stlth   ++           (no ring)
HPRegen 0.24/turn    (no ring)
MPRegen 0.14/turn

%: no passive effects
@: no status effects
A: no striking features
a: no special abilities


You were on level 4 of the Dungeon.
You visited 1 branch of the dungeon, and saw 4 of its levels.

You collected 254 gold pieces.

Inventory:

Hand Weapons
 e - a +0 dagger
 k - a +3 dagger (weapon)
Armour
 a - a +0 robe (worn)
 i - a +0 hat (worn)
 l - a +0 pair of boots (worn)
Magical Staves
 o - a staff of air
Scrolls
 f - a scroll of blinking {unknown}
 h - a scroll of brand weapon {unknown}
 j - 4 scrolls of noise {unknown}
 m - 6 scrolls of identify {unknown}
 n - a scroll of enchant weapon {unknown}
 r - a scroll of fear {unknown}
 s - a scroll of magic mapping {unknown}
 t - a scroll of teleportation {unknown}
 u - a scroll of poison {unknown}
Potions
 c - 2 potions of curing {unknown}
 d - 2 potions of resistance {unknown}
 g - a potion of heal wounds {unknown}
 p - a potion of flight {unknown}
 q - a potion of cancellation {unknown}


   Skills:
 + Level 2.5 Dodging
 + Level 3.0 Stealth
 + Level 5.1 Spellcasting
 * Level 6.6 Conjurations


You had 8 spell levels left.
You knew the following spells:

 Your Spells              Type           Power      Damage    Failure   Level
a - Magic Dart            Conj           100%       1d8       1%          1
b - Searing Ray           Conj           78%        2d7       1%          2
c - Dazzling Flash        Conj/Hex       44%        N/A       6%          3

Your spell library contained the following spells:

 Spells                   Type           Power      Damage    Failure   Level
 Fulminant Prism          Conj/Hex       11%        3d9       21%         4
 Iskenderun's Mystic Bla  Conj/Tloc      22%        2d6       21%         4
 Frozen Ramparts          Ice            12%        1d2       24%         3
 Ice Form                 Ice/Tmut       6%         N/A       63%         4
 Summon Ice Beast         Ice/Summ       6%         N/A       63%         4


Dungeon Overview and Level Annotations

Branches:
Dungeon (4/15)
 Temple: D:4-7

Altars:
Qazlal

Shops:
D:3 :

Annotations:
D:4 Ijyb


Message History

The searing ray misses Blork the orc. (Press . to maintain the ray.)
The searing ray hits Blork the orc.
Blork the orc is severely wounded.
The searing ray hits the sleepcap!
The sleepcap is heavily damaged.
Blork the orc hits you with a +0 scimitar!
The searing ray hits Blork the orc.
Blork the orc is almost dead.
The searing ray hits the sleepcap.
The sleepcap is heavily damaged.
Blork the orc hits you with a +0 scimitar!
The searing ray hits Blork the orc.
You kill Blork the orc!
The searing ray hits the sleepcap.
The sleepcap is severely damaged.
You finish channelling your searing ray.
Your Stealth skill increases to level 3!
Your Spellcasting skill increases to level 5!
The sleepcap closely misses you.
Casting: Searing Ray (safe; 1% risk of failure)
Confirm with . or Enter, or press ? or * to list all spells.
Aiming: Searing Ray (safe; 1% risk of failure)
Press: ? - help, Shift-Dir - straight line, f - sleepcap
Aim: a sleepcap (severely damaged, 100% to hit)
The searing ray hits the sleepcap.
The sleepcap is severely damaged. (Press . to maintain the ray.)
The sleepcap misses you.
The searing ray hits the sleepcap.
The sleepcap is almost destroyed.
The sleepcap releases spores at you.
* * * LOW HITPOINT WARNING * * *
Unknown command.
Casting: Searing Ray (safe; 1% risk of failure)
Confirm with . or Enter, or press ? or * to list all spells.
You don't have enough magic to cast this spell.
You are too injured to fight recklessly!
Magic courses through your body. The sleepcap releases spores at you!
You die...

#.####....†#####
#.# #.....# #.#
#.....# ##.#
#.....#
####..##########
#...>.......#
#.#..######..
#....# #..@.#
###f## #.# #..
#.. ...# ##.# .[


You could see a sleepcap.

Vanquished Creatures
  Blork the orc (D:4)
  2 orc priests (D:4)
  2 adders
  3 worms (D:2)
  2 dart slugs
  3 orcs (D:4)
  9 bats
  5 endoplasms
  2 giant cockroaches
  4 goblins
  5 hobgoblins
  6 quokkas
  6 ball pythons
  3 frilled lizards
  8 kobolds
  5 rats
66 creatures vanquished.

Notes
Turn   | Place    | Note
-------+----------+-------------------------------------------
     0 | D:1      | Arzdou the Deep Elf Conjurer began the quest for the Orb.
     0 | D:1      | Reached XP level 1. HP: 10/10 MP: 6/6
   249 | D:1      | Reached XP level 2. HP: 15/15 MP: 5/8
   289 | D:1      | Learned a level 2 spell: Searing Ray
   295 | D:1      | Found a faded altar of an unknown god.
   361 | D:1      | Reached skill level 5 in Conjurations
   663 | D:1      | Reached XP level 3. HP: 18/19 MP: 6/10
   667 | D:1      | Learned a level 3 spell: Dazzling Flash
  1604 | D:2      | Reached XP level 4. HP: 24/24 MP: 7/12
  2353 | D:3      | Found a stormy altar of Qazlal.
  2402 | D:3      | Found Zadghuich's Book Shop.
  2873 | D:4      | Noticed Ijyb
  2937 | D:4      | Reached skill level 6 in Conjurations
  2991 | D:4      | Reached XP level 5. HP: 19/28 MP: 5/14
  3255 | D:4      | Noticed Blork the orc
  3265 | D:4      | Killed Blork the orc
  3266 | D:4      | Reached skill level 5 in Spellcasting
  3269 | D:4      | Slain by a sleepcap

Illustrated notes

Levels and vault maps discovered:
D:1:      minmay_arrival_plants_in_alcoves, layout_basic,
          shapermc_ecumenical_altar_gd, st_stairs_2, minmay_pentomino_o2
D:2:      layout_basic
D:3:      layout_loops_ring, nicolae_overflow_hidden_temple, serial_shops,
          nicolae_shop_crystal, hangedman_glass_teeth
D:4:      layout_basic, mainiacjoe_overflow_concentric_impassable, uniq_ijyb,
          uniq_blork_the_orc

Skill      XL: |  1  2  3  4  5 |
---------------+----------------+-----
Conjurations   | 5 6 |  6.6
Spellcasting   | 4 5 |  5.1
Stealth        | 3 |  3.0
Dodging        | |  2.5

Action                     |  1- 3 |  4- 6 || total
---------------------------+-------+-------++-------
  Melee: Dagger            |     6 |       ||     6
         Punch             |     1 |       ||     1
   Cast: Magic Dart        |    74 |    42 ||   116
         Searing Ray       |     2 |     8 ||    10
    Use: Potion            |       |     1 ||     1
 Armour: Robe              |     2 |     1 ||     3
  Dodge: Dodged            |    14 |     5 ||    19

Table legend: (Time is in decaauts)
 A = Elapsed time spent in this place.
 B = Non-inter-level travel time spent in this place.
 C = Inter-level travel time spent in this place.
 D = Time resting spent in this place.
 E = Time spent auto-exploring this place.
 F = Levels seen in this place.
 G = Mean time per level.
                   A        B        C        D        E       F      G
               +--------+--------+--------+--------+--------+-----+--------+
         Total |   3268 |   3095 |    173 |      0 |   2762 |   4 |  817.0 |
       Dungeon |   3268 |   3095 |    173 |      0 |   2762 |   4 |  817.0 |
               +--------+--------+--------+--------+--------+-----+--------+

Top non-repeatable levels by time:
     D:2: 1122 daAuts
     D:1: 940 daAuts
     D:3: 891 daAuts
     D:4: 314 daAuts
